Map: Ruins of Endion

Players

IlIlIlIlIlIl (Naniwa) - Winner!

  • Race: Protoss Protoss
  • League: Grandmaster
  • Spawn Location: 7:00

Guru

  • Race: Zerg Zerg
  • League: Diamond
  • Spawn Location: 5:00

VOD

Have the link to the VOD?

Description

Time

  • Played on: June 9, 2016, 1:48 p.m.
  • Length: 8:05
Show
View Real Time Build Order
Export as new Build Order

IlIlIlIlIlIl Protoss - Winner!

Build Orders: Nexus First 

Get SALT Encoding   

  12  0:06  Probe (Chrono Boost)  
  13  0:16  Probe (Chrono Boost)  
  13  0:19  Pylon  
  14  0:27  Probe (Chrono Boost)  
  15  0:38  Probe (Chrono Boost)  
  16  0:48  Probe (Chrono Boost)  
  17  0:59  Nexus  
  17  1:09  Gateway  
  17  1:12  Probe (Chrono Boost)  
  18  1:23  Probe (Chrono Boost)  
  18  1:24  Assimilator  
  19  1:28  Assimilator  
  19  1:33  Probe (Chrono Boost)  
  19  1:38  Pylon  
  20  1:44  Probe (Chrono Boost)  
  21  1:54  Probe (Chrono Boost)  
  21  1:56  Zealot (Chrono Boost)  
  21  1:58  Cybernetics Core  
  24  2:06  Probe  
  25  2:10  Probe (Chrono Boost)  
  26  2:18  Probe (Chrono Boost)  
  26  2:22  Probe (Chrono Boost)  
  28  2:29  Probe (Chrono Boost)  
  29  2:32  Probe (Chrono Boost)  
  30  2:37  Warp Gate  
  30  2:38  Stargate  
  30  2:39  Probe (Chrono Boost)  
  30  2:43  Probe (Chrono Boost)  
  32  2:45  Assimilator  
  32  2:50  Probe (Chrono Boost)  
  33  2:53  Probe (Chrono Boost)  
  34  2:58  Stargate  
  34  3:01  Probe (Chrono Boost)  
  34  3:04  Probe (Chrono Boost)  
  36  3:09  Pylon  
  36  3:12  Probe (Chrono Boost)  
  37  3:14  Probe (Chrono Boost)  
  38  3:22  Void Ray (Chrono Boost)  
  38  3:24  Probe  
  38  3:25  Probe  
  44  3:32  Pylon  
  44  3:36  Probe x2  
  46  3:45  Void Ray (Chrono Boost)  
  46  3:48  Probe x2  
  52  4:00  Probe x2, Void Ray (Chrono Boost)  
  58  4:09  Pylon  
  58  4:12  Probe  
  58  4:13  Mothership Core, Assimilator  
  61  4:24  Probe  
  61  4:25  Pylon  
  61  4:28  Phoenix (Chrono Boost)  
  64  4:37  Phoenix (Chrono Boost)  
  66  4:40  Probe x2  
  68  4:46  Nexus  
  68  4:48  Pylon  
  68  4:53  Phoenix (Chrono Boost)  
  68  4:59  Phoenix (Chrono Boost)  
  72  5:02  Probe x2  
  72  5:03  Protoss Air Weapons Level 1  
  74  5:15  Gateway  
  74  5:17  Probe, Gateway  
  74  5:18  Probe  
  76  5:28  Phoenix x2 (Chrono Boost)  
  80  5:30  Probe x2  
  80  5:34  Adept  
  84  5:37  Pylon  
  84  5:41  Pylon  
  84  5:42  Probe  
  85  6:01  Phoenix x2 (Chrono Boost)  
  89  6:04  Probe x2  
  89  6:05  Probe  
  92  6:12  Adept x2  
  92  6:13  Adept  
  92  6:16  Probe  
  99  6:23  Phoenix x2 (Chrono Boost)  
  101  6:35  Probe  
  101  6:36  Probe  
  101  6:37  Probe  
  101  6:38  Assimilator  
  101  6:39  Pylon  
  104  6:40  Robotics Facility, Assimilator  
  104  6:42  Robotics Facility, Forge  
  104  6:47  Sentry, Adept x2  
  110  6:58  Phoenix (Chrono Boost)  
  110  6:59  Phoenix (Chrono Boost)  
  114  7:09  Pylon  
  114  7:12  Pylon, Adept x3  
  120  7:19  Photon Cannon  
  120  7:22  Pylon  
  120  7:23  Pylon  
  120  7:25  Phoenix x2 (Chrono Boost)  
  120  7:26  Pylon  
  124  7:33  Adept x2  
  124  7:34  Adept  
  130  7:37  Pylon  
  130  7:41  Probe x3  
  141  7:53  Probe x3  
Show
View Real Time Build Order
Export as new Build Order

Guru Zerg 

Build Orders: Hatch First 

Get SALT Encoding   

  12  0:01  Drone  
  13  0:13  Overlord  
  13  0:17  Drone  
  14  0:31  Drone x2  
  14  0:35  Drone  
  17  0:52  Hatchery  
  17  0:55  Drone  
  17  1:08  Spawning Pool  
  17  1:11  Drone  
  17  1:15  Drone  
  18  1:29  Extractor  
  18  1:30  Drone  
  18  1:40  Hatchery  
  18  1:42  Drone  
  18  1:46  Drone  
  19  1:55  Queen  
  21  2:04  Queen  
  23  2:09  Drone  
  23  2:14  Drone x2  
  26  2:21  Overlord  
  26  2:24  Drone  
  27  2:34  Metabolic Boost  
  27  2:40  Drone x3  
  30  2:52  Queen  
  30  2:55  Drone x2  
  34  3:03  Drone x4  
  34  3:04  Drone  
  39  3:06  Drone x2  
  39  3:08  Drone  
  42  3:13  Overlord  
  42  3:19  Overlord  
  42  3:25  Overlord  
  42  3:30  Overlord  
  42  3:33  Zergling x4  
  44  3:34  Queen  
  44  3:38  Spore Crawler  
  44  3:39  Drone  
  46  3:44  Lair  
  46  3:46  Zergling x4  
  46  3:47  Zergling x2  
  49  3:49  Drone  
  49  3:52  Drone  
  49  3:54  Drone x2  
  53  3:56  Drone  
  53  3:57  Drone  
  53  4:01  Drone x2  
  53  4:02  Drone  
  58  4:04  Drone x2  
  58  4:06  Drone  
  58  4:08  Drone  
  62  4:13  Overlord  
  62  4:17  Overlord  
  62  4:19  Drone x4  
  62  4:23  Extractor  
  65  4:24  Extractor  
  65  4:25  Extractor  
  65  4:26  Drone  
  65  4:27  Evolution Chamber  
  65  4:28  Drone x2  
  65  4:30  Drone  
  66  4:33  Overlord  
  66  4:35  Drone x2  
  66  4:36  Drone  
  66  4:37  Drone  
  70  4:44  Hydralisk Den  
  69  4:49  Zergling x2  
  69  4:50  Zergling x14  
  77  4:55  Drone, Spore Crawler  
  77  4:56  Drone  
  74  5:18  Overlord x3  
  74  5:23  Overlord x2  
  74  5:27  Hydralisk x2  
  74  5:35  Overlord x2  
  74  5:36  Hydralisk x5  
  74  5:38  Muscular Augments  
  84  5:42  Hydralisk  
  84  5:43  Hydralisk x2  
  90  5:55  Hydralisk x2  
  93  6:07  Hydralisk  
  93  6:08  Hatchery  
  94  6:15  Hydralisk  
  94  6:16  Hatchery  
  95  6:18  Drone  
  95  6:20  Extractor  
  95  6:21  Extractor  
  92  6:26  Drone x2  
  92  6:31  Hydralisk  
  79  6:38  Hydralisk x2  
  79  6:39  Queen x2  
  87  6:48  Hydralisk  
  87  6:51  Hydralisk  
  90  7:00  Hydralisk  
  92  7:05  Overlord  
  92  7:07  Hydralisk  
  94  7:12  Drone  
  94  7:15  Queen  
  95  7:20  Queen  
  99  7:32  Hydralisk  
  99  7:35  Drone  
  99  7:36  Drone x3  
  102  7:37  Drone x2  
  102  7:40  Drone x2  
  106  7:44  Drone  
  106  7:45  Drone  
  106  7:47  Drone x3  
  106  7:50  Drone x3  
  114  7:52  Drone x2  
  114  7:55  Spore Crawler x2  
  114  7:56  Spore Crawler  
Tags
 
Add a new tag
Caveats
  • Supply blocks, unpowered buildings, or Contaminate may cause inaccurate times.
  • Supply counts are checked every 10 seconds.